 Dungeon Crawl Stone Soup version 0.31.0-32-g396128a36d (webtiles) character file.

Game seed: 4844199006015495238

85 PaiMei the Gusty (level 4, 0/25 HPs)
             Began as a Tengu Air Elementalist on Mar 15, 2024.
             Succumbed to an adder's poison
             ... on level 2 of the Dungeon.
             The game lasted 00:02:17 (1616 turns).

PaiMei the Gusty (Tengu Air Elementalist)           Turns: 1616, Time: 00:02:18

Health: 0/25       AC:  2    Str:  8    XL:     4   Next: 48%
Magic:  2/9        EV: 28    Int: 17    God:
Gold:   68         SH:  0    Dex: 15    Spells: 7/8 levels left

rFire   . . .        c - +0 whip
rCold   . . .        (no shield)
rNeg    . . .        a - +0 robe
rPois   .            (helmet restricted)
rElec   .            (no cloak)
rCorr   .            (no gloves)
SInv    .            (boots unavailable)
Will    .....        (no amulet)
Stlth   ++           (no ring)
HPRegen 0.24/turn    (no ring)
MPRegen 0.11/turn

%: acrobat
@: lethally poisoned (0 -> -3), acrobatic, hasted, very quick
A: beak, talons 3, acrobatic
a: no special abilities


You were on level 2 of the Dungeon.
You visited 1 branch of the dungeon, and saw 2 of its levels.

You collected 68 gold pieces.

Inventory:

Hand Weapons
 c - a +0 whip (weapon)
Armour
 a - a +0 robe (worn)
Scrolls
 d - a scroll of enchant weapon {unknown}
 e - a scroll of teleportation {unknown}
Potions
 b - a potion of magic
 g - a potion of haste


   Skills:
 + Level 1.4 Fighting
 + Level 3.1 Dodging
 - Level 2.2 Stealth
 + Level 2.6 Spellcasting
 - Level 1.8 Conjurations
 + Level 4.7 Air Magic


You had 7 spell levels left.
You knew the following spells:

 Your Spells              Type           Power      Damage    Failure   Level
a - Shock                 Conj/Air       52%        1d6       4%          1

Your spell library contained the following spells:

 Spells                   Type           Power      Damage    Failure   Level
 Static Discharge         Conj/Air       26%        3-5/arc   7%          2
 Swiftness                Air            18%        N/A       8%          3
 Airstrike                Air            9%         2d(2-18)  26%         4


Dungeon Overview and Level Annotations

Branches:
Dungeon (2/15)

Altars:


Innate Abilities, Weirdness & Mutations

You have a beak for a mouth.
You have claws for feet.
You can magically evade attacks while moving or waiting.


Message History

The adder is almost dead.
You feel sick. The adder closely misses you.
You hit the adder. You peck the adder, but do no damage.
The adder is almost dead.
You feel sick. The adder bites you.
You are more poisoned.
The adder poisons you! The adder bites you.
You are lethally poisoned!
The adder poisons you!
Casting: Shock (safe; 4% risk of failure)
Confirm with . or Enter, or press ? or * to list all spells.
Aiming: Shock (safe; 4% risk of failure)
Press: ? - help, Shift-Dir - straight line, f/p - adder
Aim: an adder (almost dead, 48% to hit)
The zap hits the adder.
You kill the adder!
You feel very sick.
* * * LOW HITPOINT WARNING * * *
You feel sick.
You see here an adder corpse.
Casting: Shock (safe; 4% risk of failure)
Confirm with . or Enter, or press ? or * to list all spells.
You can't see any susceptible monsters within range! (Use Z to cast anyway.)
Casting: Shock (safe; 4% risk of failure)
Confirm with . or Enter, or press ? or * to list all spells.
You can't see any susceptible monsters within range! (Use Z to cast anyway.)
* * * LOW HITPOINT WARNING * * *
You feel sick.
There is a lethal amount of poison in your body!
It was a potion of haste.
You feel yourself speed up.
* * * LOW HITPOINT WARNING * * *
You feel sick.
It was a potion of mutation.
You feel extremely strange.
You feel stupid.
You feel clever.
* * * LOW HITPOINT WARNING * * *
You feel sick.
* * * LOW HITPOINT WARNING * * *
You feel sick.
You see here an adder corpse.
You die...

####..########.......#......
...>......................).
....############....†..†+#
....#### #....<...# .......#
#........# ...###.####
#....###.# ..........#
###### #
.......##.############..#
.......##.......@.†.....#
...........############..#
...#.#####.# ...#.#####.#
...#.....#.# ########.#.#
#...# #####


There were no monsters in sight!

Vanquished Creatures
  2 gnolls (D:1)
  2 adders (D:2)
  2 dart slugs (D:1)
  2 ball pythons (D:1)
  A bat (D:1)
  4 endoplasms
  3 giant cockroaches (D:1)
  6 goblins
  4 hobgoblins
  4 jackals (D:1)
  2 kobolds
  3 quokkas (D:1)
  A frilled lizard (D:1)
  2 rats (D:1)
38 creatures vanquished.

Notes
Turn   | Place    | Note
-------+----------+-------------------------------------------
     0 | D:1      | PaiMei the Tengu Air Elementalist began the quest for the
                  | Orb.
     0 | D:1      | Reached XP level 1. HP: 10/10 MP: 4/4
    39 | D:1      | Reached XP level 2. HP: 15/15 MP: 1/6
   637 | D:1      | Reached XP level 3. HP: 20/20 MP: 1/7
   965 | D:1      | Reached skill level 1 in Fighting
  1201 | D:1      | Reached XP level 4. HP: 25/25 MP: 5/8
  1613 | D:2      | Gained mutation: You are dopey. (Int -2) [potion of
                  | mutation]
  1613 | D:2      | Lost mutation: You are dopey. (Int -2) [potion of mutation]
  1614 | D:2      | HP: 1/25 [poisoned by an adder]
  1616 | D:2      | Succumbed to an adder's poison

Illustrated notes

Levels and vault maps discovered:
D:1:      dpeg_arrival_arbitrary_c, layout_basic
D:2:      layout_basic, minmay_3d_cube, uniq_sigmund

Skill      XL: |  1  2  3  4 |
---------------+-------------+-----
Fighting       | 1 |  1.4
Dodging        | 3 |  3.1
Stealth        | |  2.2
Spellcasting   | |  2.6
Conjurations   | |  1.8
Air Magic      | |  4.7

Action                     |  1- 3 |  4- 6 || total
---------------------------+-------+-------++-------
  Melee: Whip              |    12 |     6 ||    18
         Kick              |     4 |       ||     4
         Peck              |     2 |     1 ||     3
   Cast: Shock             |    53 |    23 ||    76
    Use: Potion            |       |     2 ||     2
 Armour: Robe              |    10 |     7 ||    17
  Dodge: Dodged            |    13 |    13 ||    26
